 Dungeon Crawl Stone Soup version 0.24.0-13-gcf9b3192b9 (webtiles) character file.

Game seed: 14289092647173513940, levelgen mode: deterministic

25 Aviak the Caller (level 3, 0/27 HPs)
             Began as a Ghoul Summoner on Nov 5, 2019.
             Slain by an adder (1 damage)
             ... on level 2 of the Dungeon.
             The game lasted 00:01:44 (1133 turns).

Aviak the Caller (Ghoul Summoner)                   Turns: 1133, Time: 00:01:45

Health: 0/27       AC:  6    Str: 12    XL:     3   Next: 4%
Magic:  5/5        EV:  8    Int: 15    God:
Gold:   28         SH:  3    Dex:  9    Spells: 5/6 levels left

rFire    . . .     SeeInvis .   i - +0 dagger
rCold    + . .     Gourm    .   n - +0 buckler
rNeg     + + +     Faith    .   d - +0 scale mail
rPois    ∞         Spirit   .   (no helmet)
rElec    .         Reflect  .   (no cloak)
rCorr    .         Harm     .   (no gloves)
MR       .....                  (no boots)
Stlth    ..........             (no amulet)
HPRegen  0.00/turn              (no ring)
MPRegen  0.09/turn              (no ring)

@: brilliant, flying, rotting
A: rotting body, claws 1, carnivore, cold resistance 1, negative energy
resistance 3, inhibited regeneration, torment resistance, unbreathing
a: no special abilities


You were on level 2 of the Dungeon.
You were not hungry.

You visited 1 branch of the dungeon, and saw 2 of its levels.

You collected 28 gold pieces.

Inventory:

Hand Weapons
 i - a +0 dagger (weapon)
Armour
 a - a +0 robe
 d - a +0 scale mail (worn)
 n - a +0 buckler (worn)
Scrolls
 b - 2 scrolls of teleportation {unknown}
 e - 6 scrolls of identify {unknown}
 f - a scroll of amnesia {unknown}
 m - a scroll of random uselessness {unknown}
 o - a scroll of blinking {unknown}
Comestibles
 c - 6 rations


   Skills:
 + Level 0.5 Fighting
 + Level 2.2 Dodging
 - Level 2.5 Stealth
 + Level 0.4 Shields
 - Level 2.0 Spellcasting
 - Level 3.7 Summonings


You had 5 spell levels left.
You knew the following spells:

 Your Spells              Type           Power        Failure   Level  Hunger
a - Summon Small Mammal   Summ           ###.         4%          1    #......

Your spell library contained the following spells:

 Spells                   Type           Power        Failure   Level  Hunger
 Call Imp                 Summ           ###.....     8%          2    ###....
 Call Canine Familiar     Summ           ###.....     13%         3    ###....
 Summon Guardian Golem    Hex/Summ       ###.....     26%         3    ###....
 Summon Ice Beast         Ice/Summ       ###.....     61%         4    #####..
 Summon Lightning Spire   Summ/Air       ###.....     61%         4    #####..


Dungeon Overview and Level Annotations

Branches:
Dungeon (2/15)

Altars:
Wu Jian


Innate Abilities, Weirdness & Mutations

Your body is rotting away.
You thrive on raw meat.
You are immune to poison.
You have sharp fingernails.
You are carnivorous and can eat meat at any time.
Your flesh is cold resistant. (rC+)
You are immune to negative energy. (rN+++)
You do not regenerate when monsters are visible.
You are immune to unholy pain and torment.
You can survive without breathing.


Message History

You hit the adder.
The adder is moderately wounded.
You block the adder's attack.
You barely miss the adder.
The adder is moderately wounded.
The adder bites you.
* * * LOW HITPOINT WARNING * * *
The adder bites you but does no damage.
You miss the adder.
The adder is moderately wounded.
The adder barely misses you.
Unknown command.
You closely miss the adder.
The adder is moderately wounded.
The adder bites you.
* * * LOW HITPOINT WARNING * * *
You closely miss the adder.
The adder is moderately wounded.
The adder bites you but does no damage. The adder bites you.
You die...

#...# #...# #...# +...+
#...# #...# ####...#
#..#...# # #.S@...+ #.
########...# ###.. ##
#.(........# #.....##.
#........### #......<.
#........# #......##
#........######..<.... #
#.......<...............
##########..#..##.######
.## ..


You could see an adder.

Vanquished Creatures
  2 leopard geckos
  2 hobgoblins
  A jackal (D:2)
  2 bats (D:1)
  3 frilled lizards
  7 goblins
  3 kobolds
  3 rats
23 creatures vanquished.

Notes
Turn   | Place    | Note
-------+----------+-------------------------------------------
     0 | D:1      | Aviak the Ghoul Summoner began the quest for the Orb.
     0 | D:1      | Reached XP level 1. HP: 14/14 MP: 2/2
   282 | D:1      | Reached XP level 2. HP: 11/20 MP: 3/3
   804 | D:2      | Found an ornate altar of the Wu Jian Council.
   848 | D:2      | Reached XP level 3. HP: 6/27 MP: 5/5
  1132 | D:2      | HP: 1/27 [adder (3)]
  1133 | D:2      | Slain by an adder

Levels and vault maps discovered:
D:1:      minmay_arrival_radiant_lines, layout_loops_ring
D:2:      layout_rooms, old_standard_altar, minmay_snake_closets

Skill      XL: |  1  2 |
---------------+-------+-----
Dodging        | 2 |  2.2
Spellcasting   | 2 |  2.0
Fighting       | |  0.5
Stealth        | |  2.5
Shields        | |  0.4
Summonings     | |  3.7

Action                   || total
-------------------------++-------
Melee: Dagger            ||   115
       Unarmed           ||    14
 Cast: Summon Small Mamm ||     1
  Use: Potion            ||     4
  Eat: Chunk             ||     3
Armor: Scale mail        ||    58
       Robe              ||     3
Dodge: Dodged            ||    63
Block: Buckler           ||     5
